 Dungeon Crawl Stone Soup version 0.22.1-1-ga44c0e5 (webtiles) character file.

5483 suicidejoker the Unseen (level 10, -5/61 HPs)
             Began as an Octopode Assassin on Sept 21, 2018.
             Was an Initiate of Gozag.
             Slain by a hog (8 damage)
             ... on level 9 of the Dungeon.
             The game lasted 00:14:13 (8229 turns).

suicidejoker the Unseen (Octopode Assassin)         Turns: 8229, Time: 00:14:13

Health: -5/61      AC:  5    Str: 16    XL:     10   Next: 69%
Magic:  10/10      EV: 13    Int: 14    God:    Gozag
Gold:   337        SH:  4    Dex: 16    Spells: 9/9 levels left

rFire    . . .     SeeInvis .   a - +2 dagger
rCold    + . .     Gourm    .   K - +0 buckler
rNeg     . . .     Faith    .   (helmet restricted)
rPois    .         Spirit   .   (no amulet)
rElec    .         Reflect  .   i - ring of resist corrosion
rCorr    +         Harm     .   m - ring of stealth
MR       .....                  M - ring of resist corrosion
Stlth    +++++++++.             C - ring of wizardry
HPRegen  0.20/turn              J - ring of protection from cold
MPRegen  0.12/turn              (no ring)
                                (no ring)
                                (no ring)

@: mighty, gold aura
A: almost no armour, stealthy swim, amphibious, 8 rings, constrict 8, molten
scales 1, thin metallic scales 1, camouflage 1, blink, gelatinous body 1
a: Blink, Potion Petition, Call Merchant, Bribe Branch, Renounce Religion


You were on level 9 of the Dungeon.
You worshipped Gozag.
Gozag was aware of your devotion.
You were not hungry.

You visited 2 branches of the dungeon, and saw 10 of its levels.

You collected 1293 gold pieces.
You paid 956 gold pieces to Gozag.

Inventory:

Hand Weapons
 a - a +2 dagger (weapon)
 b - a +0 blowgun
 t - a cursed +3 great sword
 L - a +0 blowgun
Missiles
 c - 32 poisoned needles
 d - 2 curare-tipped needles
 w - 12 tomahawks (quivered)
 A - 2 javelins
 B - 6 steel tomahawks
Armour
 K - a +0 buckler (worn)
Jewellery
 i - a ring of resist corrosion (left tentacle)
 m - a ring of stealth (right tentacle)
 C - a ring of wizardry (on tentacle)
 J - a ring of protection from cold (on tentacle)
 M - a ring of resist corrosion (on tentacle)
Wands
 y - a wand of polymorph (11)
 F - a wand of disintegration (6)
 I - a wand of paralysis (6)
Scrolls
 e - 4 scrolls of amnesia {unknown}
 g - 3 scrolls of identify
 h - 3 scrolls of fear {unknown}
 k - 7 scrolls of remove curse
 l - a scroll of brand weapon {unknown}
 o - a scroll of immolation {unknown}
 r - 6 scrolls of teleportation
 s - a scroll of blinking {unknown}
 x - 2 scrolls of random uselessness {unknown}
 G - a scroll of enchant weapon {unknown}
 H - a scroll of magic mapping {unknown}
Potions
 n - a potion of mutation
 p - 3 potions of degeneration {unknown}
 q - 2 potions of flight
 u - a potion of brilliance {unknown}
 v - a potion of resistance {unknown}
 z - a potion of magic {unknown}
 D - a potion of agility {unknown}
 E - 2 potions of cancellation {unknown}
 N - a potion of curing
Comestibles
 f - 3 rations


   Skills:
 + Level 2.5 Fighting
 + Level 2.4 Short Blades
 - Level 2.0 Throwing
 + Level 1.7 Dodging
 + Level 19.9 Stealth
 + Level 1.2 Shields
 + Level 1.2 Evocations


You had 9 spell levels left.
You didn't know any spells.
Your spell library was empty.

Dungeon Overview and Level Annotations

Branches:
Dungeon (9/15)             Temple (1/1) D:4
   Lair: D:8-11         Orc: D:9-12

Altars:
Ashenzari
Cheibriados
Dithmenos
Elyvilon
Fedhas
Gozag
Hepliaklqana
Makhleb
Nemelex Xobeh
Qazlal
Trog
Wu Jian

Shops:
D:6 }


Innate Abilities, Weirdness & Mutations

You cannot wear most types of armour.
You are very stealthy in the water. (Stealth+)
You are amphibious.
You can wear up to eight rings at the same time.
You can use your tentacles to constrict eight enemies at once.
Your skin changes colour to match your surroundings (Stealth+).
Your rubbery body absorbs attacks. (AC +1, EV +1)
You are partially covered in molten scales. (AC +2)
You are partially covered in thin metallic scales. (AC +2)
You can translocate small distances at will.


Message History

Press: ? - help, Shift-Dir - straight line, f - hog
Aim: a hog (chance to defeat MR: 71%)
The hog struggles to resist.
You block the hog's attack.
Evoke which item? (* to show all) (? for menu, Esc to quit)
Aiming: Disintegrate
Press: ? - help, Shift-Dir - straight line, f/p - hog
Aim: a hog (chance to defeat MR: 71%)
The hog is blasted.
The hog bites you.
* * * LOW HITPOINT WARNING * * *
The hog bites you but does no damage.
Okay, then.
Okay, then.
Okay, then.
You blink.
You feel slightly more hungry.
You blink.
You feel slightly more hungry.
Found 15 gold pieces.
You blink.
You feel slightly more hungry. The hog barely misses you. The hog bites you!
You die...
Your body crumbles into a pile of gold.

#)# #########.### #.<.........#
#.........[.# #...........#
#######.....+ #.$...#.....#
#.h...#.....# ####@###.....#
##.#hh..%###.### #####
#..'...%%#...# #...## #
#ยง.#######)### ###... #. ##$##
#.# ###. ###.######..# ######'###
#... ...........####........#
####... ..........###.'........#
##....).
..........##..#........###..##..>


You could see 3 hogs.

Vanquished Creatures
  Pikel (D:8)
  Maurice (D:8)
  Sigmund (D:2)
  A hog (D:9)
  A human (D:9)
  A steam dragon (D:7)
  Duvessa (D:7)
  2 water moccasins
  An orc warrior (D:8)
  2 ice beasts
  A sky beast (D:8)
  A phantom (D:7)
  4 black bears
  A slave (D:8)
  An ogre (D:6)
  7 centaurs
  A necrophage (D:6)
  4 bullfrogs
  A gnoll sergeant (D:5)
  Dowan (D:7)
  A scorpion (D:9)
  A water moccasin skeleton (D:8)
  6 killer bees (D:8)
  6 wights (D:6)
  5 howler monkeys
  A crimson imp (D:5)
  2 bullfrog zombies
  A hound (D:4)
  A jelly (D:7)
  4 orc priests
  Crazy Yiuf (D:7)
  Jessica (D:2)
  A centaur skeleton (D:7)
  5 orc wizards
  4 iguanas
  5 worker ants
  Natasha (thrice) (D:2)
  2 worker ant zombies (D:3)
  10 gnolls
  5 adders
  An adder zombie (D:7)
  2 adder skeletons
  2 worms
  A leopard gecko (D:5)
  30 orcs
  A giant cockroach (D:5)
  7 goblins
  5 hobgoblins
  11 jackals
  9 kobolds
  6 quokkas
  3 ball pythons
  6 bats
  6 frilled lizards
  A giant cockroach zombie (D:3)
  2 leopard gecko skeletons
  A leopard gecko zombie (D:3)
  2 quokka skeletons
  12 rats
207 creatures vanquished.

Notes
Turn   | Place    | Note
-------+----------+-------------------------------------------
     0 | D:1      | suicidejoker the Octopode Assassin began the quest for the
                  | Orb.
     0 | D:1      | Reached XP level 1. HP: 14/14 MP: 1/1
   162 | D:1      | Reached XP level 2. HP: 19/19 MP: 2/2
   164 | D:1      | Reached skill level 6 in Stealth
   620 | D:1      | Reached XP level 3. HP: 24/24 MP: 3/3
   857 | D:2      | Found a shattered altar of Ashenzari.
   888 | D:2      | Reached skill level 7 in Stealth
  1083 | D:2      | Reached XP level 4. HP: 29/29 MP: 4/4
  1117 | D:2      | Noticed Sigmund
  1118 | D:2      | Noticed an ice beast
  1120 | D:2      | Killed Sigmund
  1120 | D:2      | Reached skill level 9 in Stealth
  1120 | D:2      | Reached XP level 5. HP: 34/34 MP: 5/5
  1147 | D:2      | Reached XP level 6. HP: 26/39 MP: 6/6
  1372 | D:2      | Noticed Natasha
  1375 | D:2      | Killed Natasha
  1375 | D:2      | Reached skill level 10 in Stealth
  1416 | D:2      | Noticed Jessica
  1421 | D:2      | Killed Jessica
  1424 | D:2      | Noticed Natasha
  1431 | D:2      | Killed Natasha
  1576 | D:2      | Noticed Natasha
  1586 | D:2      | Killed Natasha
  2188 | D:3      | Reached skill level 11 in Stealth
  2214 | D:3      | Found a faded altar of an unknown god.
  2243 | D:3      | Found a bloodstained altar of Trog.
  2767 | D:2      | Found a snail-covered altar of Cheibriados.
  2808 | D:4      | Reached XP level 7. HP: 45/45 MP: 7/7
  2899 | D:4      | Found an ornate altar of the Wu Jian Council.
  2946 | D:4      | Found a stormy altar of Qazlal.
  2969 | D:4      | Found a blossoming altar of Fedhas.
  3136 | D:4      | Found a staircase to the Ecumenical Temple.
  3160 | Temple   | Entered the Ecumenical Temple
  3167 | Temple   | Became a worshipper of Gozag Ym Sagoz the Greedy
  3331 | D:5      | Entered Level 5 of the Dungeon
  3352 | D:5      | Found a stormy altar of Qazlal.
  3380 | D:5      | Reached skill level 12 in Stealth
  3778 | D:5      | Reached skill level 13 in Stealth
  3778 | D:5      | Reached XP level 8. HP: 50/50 MP: 8/8
  4044 | D:6      | Found a bloodstained altar of Trog.
  4276 | D:6      | Found Xethaj's Gadget Shoppe.
  4338 | D:6      | Reached skill level 14 in Stealth
  4418 | D:6      | Reached skill level 15 in Stealth
  5000 | D:6      | Reached XP level 9. HP: 54/54 MP: 9/9
  5163 | D:7      | Reached skill level 16 in Stealth
  5529 | D:7      | Noticed Dowan
  5531 | D:7      | Noticed Duvessa
  5546 | D:7      | Killed Duvessa
  5554 | D:7      | Killed Dowan
  6047 | D:7      | Reached skill level 17 in Stealth
  6062 | D:7      | Found a shadowy altar of Dithmenos.
  6272 | D:7      | Found a runed door.
  6448 | D:7      | Reached skill level 18 in Stealth
  6616 | D:7      | Noticed Crazy Yiuf
  6620 | D:7      | Killed Crazy Yiuf
  6823 | D:8      | Gained mutation: You are weak. (Str -2) [potion of
                  | mutation]
  6823 | D:8      | Gained mutation: You have a pair of small antennae on your
                  | head. [potion of mutation]
  6823 | D:8      | Gained mutation: You are partially covered in molten
                  | scales. (AC +2) [potion of mutation]
  6823 | D:8      | Gained mutation: You are resistant to hostile enchantments.
                  | (MR+) [potion of mutation]
  6824 | D:8      | Lost mutation: You are weak. (Str -2) [potion of mutation]
  6824 | D:8      | Lost mutation: You have a pair of small antennae on your
                  | head. [potion of mutation]
  6824 | D:8      | Lost mutation: You are resistant to hostile enchantments.
                  | (MR+) [potion of mutation]
  6824 | D:8      | Gained mutation: You are partially covered in thin metallic
                  | scales. (AC +2) [potion of mutation]
  6824 | D:8      | Gained mutation: You can translocate small distances at
                  | will. [potion of mutation]
  6912 | D:8      | Reached XP level 10. HP: 60/60 MP: 10/10
  6918 | D:8      | Found a white marble altar of Elyvilon.
  6928 | D:8      | Noticed Maurice
  6936 | D:8      | Killed Maurice
  6982 | D:8      | Reached skill level 19 in Stealth
  7199 | D:8      | Noticed Pikel
  7217 | D:8      | Killed Pikel
  8221 | D:9      | Reached skill level 1 in Shields
  8221 | D:9      | Reached skill level 1 in Evocations
  8229 | D:9      | Slain by a hog

Skill      XL: |  1  2  3  4  5  6  7  8  9 10 |
---------------+-------------------------------+-----
Stealth        | 6 7 9 11 13 15 18 19 | 19.9
Shields        | 1 |  1.2
Evocations     | 1 |  1.2
Fighting       | |  2.5
Short Blades   | |  2.4
Throwing       | |  2.0
Dodging        | |  1.7

Action                   |  1- 3 |  4- 6 |  7- 9 | 10-12 || total
-------------------------+-------+-------+-------+-------++-------
Melee: Dagger            |    54 |    69 |   221 |   112 ||   456
       Constrict         |     9 |     9 |    43 |    18 ||    79
       Tentacles         |     8 |     6 |    66 |    23 ||   103
Throw: Tomahawk          |       |       |     3 |     1 ||     4
Invok: Potion Petition   |       |       |     2 |     2 ||     4
 Abil: Blink             |       |       |       |     3 ||     3
Evoke: Wand              |       |       |     7 |     2 ||     9
  Use: Scroll            |       |       |     7 |       ||     7
       Potion            |       |       |     8 |     3 ||    11
 Stab: Sleeping          |    10 |    32 |    44 |    10 ||    96
       Distracted        |       |     1 |     6 |     1 ||     8
  Eat: Chunk             |       |     5 |     2 |       ||     7
       Ration            |       |       |     3 |     2 ||     5
Armor: Skin              |     6 |     4 |     5 |    18 ||    33
Dodge: Dodged            |    28 |    12 |    98 |    58 ||   196
Block: Buckler           |       |       |       |     5 ||     5
